 Dungeon Crawl Stone Soup version 0.31.0-12-g77e489cdc1 (webtiles) character file.

Game seed: 18438140797045280485

7731 hawla the Covert (level 11, -11/82 (84) HPs)
             Began as a Minotaur Fighter on Feb 12, 2024.
             Was a Believer of Makhleb.
             Mangled by an orc warrior
             ... wielding a +0 short sword
             ... led by an orc knight
              (18 damage)
             ... on level 1 of the Orcish Mines.
             The game lasted 00:21:20 (9688 turns).

hawla the Covert (Minotaur Fighter)                 Turns: 9688, Time: 00:21:21

HP:   -11/82 (84)   AC: 12    Str: 26    XL:     11   Next: 0%
MP:   10/10         EV: 14    Int:  5    God:    Makhleb [**....]
Gold: 83            SH: 10    Dex:  9    Spells: 10/10 levels left

rFire   + . .        a - +1 war axe
rCold   . . .        c - +1 buckler
rNeg    . . .        s - +0 plate armour
rPois   +            (helmet restricted)
rElec   .            (no cloak)
rCorr   .            l - +0 pair of gloves
SInv    .            (no boots)
Will    +....        w - amulet of reflection Stlth
                     G - +5 ring of evasion
HPRegen 0.33/turn    H - ring "Buynlera" {Fly rPois rF+ Will+}
MPRegen 0.12/turn

%: reflection
@: about to teleport, flying, lightly drained
A: horns 2, retaliatory headbutt
a: Renounce Religion, Minor Destruction


You were on level 1 of the Orcish Mines.
You worshipped Makhleb.
Makhleb was pleased with you.
You visited 3 branches of the dungeon, and saw 13 of its levels.

You collected 451 gold pieces.
You spent 368 gold pieces at shops.

Inventory:

Hand Weapons
 a - a +1 war axe (weapon)
 K - a +3 scimitar of flaming
Missiles
 j - 28 poisoned darts (quivered)
 u - 4 throwing nets
 B - a curare-tipped dart
Armour
 c - a +1 buckler (worn)
 l - a +0 pair of gloves (worn)
 s - a +0 plate armour (worn)
Jewellery
 b - a +4 ring of slaying
 i - the ring "Riwoes" {Fire rN+ rCorr}
   (You acquired it on level 3 of the Dungeon)

   [ring of fire]

   Fire:      It enhances your fire magic.
   rF+:       It protects you from fire.
   rC-:       It makes you vulnerable to cold.
   rN+:       It protects you from negative energy.
   rCorr:     It protects you from acid and corrosion.
 p - a ring of fire
 t - a +6 ring of dexterity
 v - a ring of positive energy
 w - an amulet of reflection (around neck)
 z - a +6 ring of dexterity
 G - a +5 ring of evasion (left hand)
 H - the ring "Buynlera" (right hand) {Fly rPois rF+ Will+}
   (You took it off an orc warrior on level 10 of the Dungeon)

   [ring of flight]

   rF+:       It protects you from fire.
   rPois:     It protects you from poison Will+: It increases your willpower.
   Fly:       It grants you flight.
Wands
 y - a wand of flame (9)
 I - a wand of iceblast (2)
Scrolls
 h - a scroll of immolation
 C - 3 scrolls of identify
 E - a scroll of blinking
 J - 2 scrolls of revelation
Potions
 d - 3 potions of might
 e - 2 potions of attraction
 f - a potion of ambrosia
 k - 2 potions of lignification
 m - a potion of haste
 n - 3 potions of brilliance
 o - 2 potions of cancellation
 x - 7 potions of curing
 A - a potion of berserk rage
 D - a potion of resistance
 F - a potion of magic


   Skills:
 - Level 4.0 Fighting
 + Level 7.4 Axes
 - Level 3.6 Armour
 - Level 9.0 Dodging
 - Level 12.1 Stealth
 - Level 5.0 Shields


You had 10 spell levels left.
You didn't know any spells.
Your spell library was empty.

Dungeon Overview and Level Annotations

Branches:
Dungeon (11/15)            Temple (1/1) D:7            Lair (0/5) D:8
    Orc (1/2) D:11

Altars:
Ashenzari
Cheibriados
Dithmenos
Elyvilon
Fedhas
Gozag
Hepliaklqana
Kikubaaqudgha
Makhleb
Nemelex Xobeh
Okawaru
Qazlal
Ru
Sif Muna
Trog
Uskayaw
Vehumet
Wu Jian
Xom
Yredelemnul
Zin
The Shining One

Shops:
D:8 [   D:10 ?!?[!

Annotations:
D:9 1 runed translucent door, sheffield53's ghost, novice MiBe
D:11 Sonja


Innate Abilities, Weirdness & Mutations

You have a pair of horns on your head.
You reflexively headbutt those who attack you in melee.


Message History

You hit the orc warrior but do no damage.
You closely miss the orc priest.
An orc comes into view. It is wielding a +0 club.
The orc priest invokes the aid of Beogh against you.
Beogh smites you! You block the orc warrior's attack.
An orc warrior comes into view. It is wielding a +0 war axe.
As you read the scroll of teleportation, it crumbles to dust.
You feel strangely unstable.
The orc warrior shouts!
The orc knight roars a battlecry!
The orcs go into a battle-frenzy!
The orc warrior hits you with a +0 short sword of draining!
You feel drained.
An orc comes into view. It is wielding a +0 hand axe.
The orc warrior barely misses you. You furiously retaliate!
You headbutt the orc warrior, but do no damage.
Okay, then.
You are confused.
You feel invigorated. The orc misses you.
The orc priest hits you with a +0 whip. The orc warrior misses you.
The orc warrior closely misses you.
The kobold blastminer hits you but does no damage.
The orc completely misses you.
The orc warrior hits you with a +0 short sword!
* * * LOW HITPOINT WARNING * * *
The orc hits you with a +0 flail.
* * * LOW HITPOINT WARNING * * *
An orc warrior comes into view. It is wielding a +0 mace.
The orc priest hits you with a +0 whip.
* * * LOW HITPOINT WARNING * * *
The orc warrior misses you. The orc wizard misses you.
The orc warrior hits you with a +0 battleaxe!
* * * LOW HITPOINT WARNING * * *
You feel less invigorated.
You feel less confused.
The orc warrior shouts!
You hear a shout!
The kobold blastminer completely misses you.
You block the orc's attack.
The orc warrior hits you with a +0 short sword!!
You die...

#...#.# .......
.......#.......
#.......#.....#
........#......
...............
.......o.......
......ooo......
#...oTo@oo.....
......Koo.$....
.......o.......
....o......>...
.......oo.o....
..............#
o....$........#
..............#


You could see an orc knight, a kobold blastminer, a troll, 5 orc warriors, an
orc priest (strong), an orc wizard (strong) and 8 orcs.

Vanquished Creatures
  Erica (D:11)
  A two-headed ogre (D:8)
  2 trolls
  A wraith (D:11)
  2 wyverns
  10 yaks (D:8)
  3 steam dragons
  2 acid dragons (D:11)
  3 water moccasins
  3 ice beasts
  A black bear (D:6)
  A sky beast (D:6)
  3 orc warriors
  An ogre (D:4)
  2 centaurs
  A phantom (D:5)
  4 kobold brigands
  3 bullfrogs
  2 gnoll sergeants
  3 scorpions
  5 wights (D:9)
  8 killer bees
  An electric eel (D:10)
  2 bombardier beetles
  5 howler monkeys
  3 jellies
  A gnoll bouda (D:8)
  2 orc priests
  An iguana (D:6)
  3 orc wizards
  Robin (D:2)
  14 gnolls
  6 adders
  A shadow imp (D:6)
  2 white imps (D:7)
  4 ufetubi
  A dart slug (D:1)
  A ribbon worm (D:4)
  15 orcs
  2 ball pythons
  5 endoplasms
  3 giant cockroaches
  17 goblins
  8 hobgoblins
  26 kobolds
  2 quokkas (D:4)
  7 bats
  2 frilled lizards
  A rat (D:1)
198 creatures vanquished.

Vanquished Creatures (others)
  2 gnolls (D:8)
2 creatures vanquished.

Grand Total: 200 creatures vanquished

Notes
Turn   | Place    | Note
-------+----------+-------------------------------------------
     0 | D:1      | hawla the Minotaur Fighter began the quest for the Orb.
     0 | D:1      | Reached XP level 1. HP: 19/19 MP: 0/0
    64 | D:1      | Reached skill level 1 in Dodging
   388 | D:1      | Reached XP level 2. HP: 26/26 MP: 1/1
   890 | D:2      | Noticed Robin
  1021 | D:2      | Reached XP level 3. HP: 31/33 MP: 2/2
  1025 | D:2      | Killed Robin
  1254 | D:3      | Identified a scroll of acquirement
  1254 | D:3      | Acquired the ring "Riwoes" {Fire rN+ rCorr}
  1275 | D:3      | Reached XP level 4. HP: 40/40 MP: 3/3
  1816 | D:4      | Reached skill level 5 in Shields
  1911 | D:4      | Reached XP level 5. HP: 43/46 MP: 4/4
  2054 | D:4      | Noticed an ice beast
  2067 | D:4      | Killed an ice beast
  2068 | D:4      | Reached skill level 5 in Dodging
  2330 | D:4      | Noticed an ogre
  2339 | D:4      | Killed an ogre
  2340 | D:4      | Reached XP level 6. HP: 39/52 MP: 5/5
  2436 | D:5      | Entered Level 5 of the Dungeon
  2560 | D:5      | Reached skill level 1 in Stealth
  2737 | D:5      | Noticed an ice beast
  2747 | D:5      | Killed an ice beast
  2748 | D:5      | Reached XP level 7. HP: 33/59 MP: 6/6
  2885 | D:5      | Found a shimmering altar of Xom.
  2921 | D:5      | Found an opulent altar of Gozag.
  2921 | D:5      | Found a glowing silver altar of Zin.
  2994 | D:5      | Reached skill level 2 in Stealth
  3529 | D:6      | Found a white marble altar of Elyvilon.
  3530 | D:6      | Found a broken altar of Ashenzari.
  3531 | D:6      | Found a snail-covered altar of Cheibriados.
  3532 | D:6      | Found a radiant altar of Vehumet.
  3532 | D:6      | Found a shimmering blue altar of Sif Muna.
  3532 | D:6      | Found a bloodstained altar of Trog.
  3533 | D:6      | Found a shadowy altar of Dithmenos.
  3537 | D:6      | Found an ornate altar of the Wu Jian Council.
  3537 | D:6      | Found a stormy altar of Qazlal.
  3538 | D:6      | Found a sparkling altar of Nemelex Xobeh.
  3833 | D:6      | Reached skill level 3 in Stealth
  4020 | D:6      | Reached XP level 8. HP: 66/66 MP: 7/7
  4054 | D:6      | Reached skill level 4 in Stealth
  4605 | D:6      | Reached skill level 5 in Stealth
  4975 | D:7      | Reached skill level 6 in Stealth
  5236 | D:7      | Found a staircase to the Ecumenical Temple.
  5244 | Temple   | Entered the Ecumenical Temple
  5271 | Temple   | Became a worshipper of Makhleb the Destroyer
  5818 | D:8      | Noticed a two-headed ogre
  5825 | D:8      | Killed a two-headed ogre
  5826 | D:8      | Reached skill level 8 in Stealth
  5826 | D:8      | Reached XP level 9. HP: 71/71 MP: 8/8
  6132 | D:8      | Reached skill level 9 in Stealth
  6146 | D:8      | Reached skill level 10 in Stealth
  6361 | D:8      | Found Kydyinn's Armour Boutique.
  6368 | D:8      | Reached * piety under Makhleb
  6441 | D:8      | Reached XP level 10. HP: 78/78 MP: 9/9
  6485 | D:8      | Reached skill level 11 in Stealth
  6737 | D:8      | Found a staircase to the Lair.
  7619 | D:9      | Found a runed translucent door.
  7619 | D:9      | Noticed sheffield53's ghost (novice MiBe)
  7621 | D:9      | Identified the +0 trident "Luogg" {elec, rElec}
  7626 | D:9      | Reached skill level 12 in Stealth
  7752 | D:10     | Entered Level 10 of the Dungeon
  7752 | D:10     | Found Annicwipta's Magic Scroll Shoppe.
  7837 | D:10     | Found Johutoi's Distillery.
  7839 | D:10     | Bought a potion of curing for 39 gold pieces
  7839 | D:10     | Bought a potion of berserk rage for 65 gold pieces
  7839 | D:10     | Bought a potion of degeneration for 13 gold pieces
  7839 | D:10     | Bought a potion of might for 52 gold pieces
  7839 | D:10     | Bought a potion of curing for 39 gold pieces
  7839 | D:10     | Bought a potion of curing for 39 gold pieces
  7839 | D:10     | Bought a potion of curing for 39 gold pieces
  7914 | D:10     | Reached ** piety under Makhleb
  7991 | D:10     | Identified the ring "Buynlera" {Fly rPois rF+ Will+}
  8142 | D:10     | Found Ilejon's Antique Armour Emporium.
  8474 | D:10     | Bought a scroll of identify for 28 gold pieces
  8474 | D:10     | Bought a scroll of identify for 28 gold pieces
  8517 | D:10     | Found Ularchut's Distillery.
  8597 | D:10     | Found Ycauf's Magic Scroll Shoppe.
  8636 | D:10     | Bought a scroll of identify for 26 gold pieces
  8740 | D:11     | Identified the +8 short sword "Jaeth" {heavy, Stlth+}
  8764 | D:11     | Reached skill level 5 in Axes
  9166 | D:11     | Noticed Erica
  9172 | D:11     | Killed Erica
  9197 | D:11     | Reached XP level 11. HP: 57/84 MP: 10/10
  9370 | D:11     | Noticed a boulder beetle
  9668 | D:11     | Noticed Sonja
  9674 | D:11     | Found a staircase to the Orcish Mines.
  9681 | Orc:1    | Entered Level 1 of the Orcish Mines
  9681 | Orc:1    | Noticed an orc knight
  9687 | Orc:1    | HP: 3/82 [orc warrior/+0 battleaxe (15)]
  9688 | Orc:1    | Mangled by an orc warrior

Illustrated notes

Levels and vault maps discovered:
D:1:      minmay_arrival_jagged, layout_rooms, serial_forest,
          infiniplex_forest_join, infiniplex_forest_corner_1,
          infiniplex_forest_clump_cross, infiniplex_forest_straight_2,
          infiniplex_forest_straight_3, infiniplex_forest_lined_2,
          infiniplex_forest_corner_1, palyth_stone_intersect
D:2:      layout_basic, uniq_robin
D:3:      layout_rooms
D:4:      layout_rooms
D:5:      layout_gridville, grunt_temple_overflow_gold_and_silver,
          lemuel_coloured_pillars_altar, chequers_serial_rivers_small_b,
          nicolae_twisty_statue_hallways
D:6:      layout_basic, nicolae_overflows_in_rows
D:7:      layout_cave_pods, minmay_temple_entry_overgrown, nicolae_letterblocks
          [nicolae_letter_subblock, nicolae_letter_subblock,
          nicolae_letter_subblock, nicolae_letter_subblock,
          nicolae_letter_subblock, nicolae_letter_subblock,
          nicolae_letter_subblock, nicolae_letter_subblock,
          nicolae_letter_subblock, nicolae_letter_subblock,
          nicolae_letter_subblock, nicolae_letter_subblock,
          nicolae_letter_subblock, nicolae_letter_subblock,
          nicolae_letter_subblock, nicolae_letter_subblock,
          nicolae_letter_subblock, nicolae_letter_subblock,
          nicolae_letter_subblock, nicolae_letter_subblock,
          nicolae_letter_subblock, nicolae_letter_subblock,
          nicolae_letter_subblock, nicolae_letter_subblock,
          nicolae_letter_subblock]
D:8:      layout_loops_ring, lair_entry_dummy, serial_shops, shop,
          hangedman_decor_peaks_small
D:9:      layout_loops_ring, ebering_ghost_funeral_grove
D:10:     layout_rooms, enter_bailey_3, serial_shops, shop_fountains, shop,
          kennysheep_little_box, nicolae_shop_tiny_real_fake_doors,
          nicolae_lakefront_shop, serial_rivers, chequers_serial_rivers_marsh,
          chequers_serial_rivers_marsh, chequers_serial_rivers_large_b,
          chequers_serial_rivers_marsh, chequers_serial_rivers_small_b
D:11:     layout_cave_pools, orc_0_dummy, uniq_erica, uniq_sonja
Temple:   jpeg_temple_island
Orc:1:    layout_caves

Skill      XL: |  1  2  3  4  5  6  7  8  9 10 |
---------------+-------------------------------+-----
Dodging        | 1 3 5 6 8 9 |  9.0
Fighting       | 4 |  4.0
Shields        | 4 5 |  5.0
Stealth        | 1 3 8 10 12 | 12.1
Axes           | 7 |  7.4
Armour         | |  3.6

Action                     |  1- 3 |  4- 6 |  7- 9 | 10-12 || total
---------------------------+-------+-------+-------+-------++-------
  Melee: War axe           |    62 |    85 |   192 |   179 ||   518
         Headbutt          |     3 |    13 |    41 |    40 ||    97
  Throw: Dart              |       |     3 |     5 |     6 ||    14
  Evoke: Wand              |       |       |       |     4 ||     4
    Use: Scroll            |     5 |     4 |     3 |    13 ||    25
         Potion            |       |       |     1 |     3 ||     4
 Armour: Scale mail        |    53 |    39 |       |       ||    92
         Plate armour      |       |    63 |   179 |   146 ||   388
  Dodge: Dodged            |    52 |    32 |   118 |   135 ||   337
  Block: Buckler           |    20 |    22 |    82 |   146 ||   270
         Reflection        |       |       |     2 |     6 ||     8
